 Dungeon Crawl Stone Soup version bcrawl-1.27.6 (webtiles) character file.

Game seed: 18357805622566266346

336788 Faustar the Fighter (level 10, -5/88 HPs)
             Began as a Formicid Abyssal Knight on Sept 11, 2020.
             Was an Elder of Lugonu.
             Slain by a seven-headed hydra (10 damage)
             ... on level 6 of the Dungeon.
             The game lasted 00:16:14 (5670 turns).

Faustar the Fighter (Formicid Abyssal Knight)       Turns: 5670, Time: 00:16:15

Health: -5/88      AC:  9    Str: 20    XL:     10   Next: 14%
Magic:  13/13      EV:  7    Int: 12    God:    Lugonu [****..]
Gold:   534        SH:  8    Dex: 10    Spells: 9/9 levels left

rFire    . . .     SeeInvis +   y - +3 flail
rCold    + + .     Gourm    .   o - +2 buckler {rC+}
rNeg     . . .     Faith    +   x - +1 chain mail {rC+}
rPois    .         Spirit   .   (helmet unavailable)
rElec    .         Reflect  .   (no cloak)
rCorr    .         Harm     .   (no gloves)
MR       +....                  (no boots)
Stlth    ..........             m - amulet of faith
HPRegen  0.24/turn              (no ring)
MPRegen  0.13/turn              (no ring)

@: no status effects
A: permanent stasis, dig shafts and tunnels, four strong arms, antennae 3
a: Dig, Shaft Self, Depart the Abyss, Bend Space, Banish, Corrupt, Renounce
Religion


You were on level 6 of the Dungeon.
You worshipped Lugonu.
Lugonu was greatly pleased with you.
You were hungry.

You visited 2 branches of the dungeon, and saw 7 of its levels.
You visited the Abyss 1 time.

You collected 534 gold pieces.

Inventory:

Hand Weapons
 a - a +1 mace
 y - a +3 flail (weapon)
Missiles
 c - 10 tomahawks of dispersal {=f}
 d - 1644 stones (quivered)
 k - 83 poisoned tomahawks
 z - 560 javelins
Armour
 b - a +0 leather armour
 o - a +2 buckler of cold resistance (worn)
 p - a +0 chain mail
 q - a +0 large shield
 x - a +1 chain mail of cold resistance (worn)
 C - a +0 pair of boots
Jewellery
 m - an amulet of faith (around neck)
Scrolls
 f - 5 scrolls of remove curse {unknown}
 g - a scroll of magic mapping {unknown}
 h - 6 scrolls of identify
 i - 2 scrolls of enchant weapon {unknown}
 j - 3 scrolls of amnesia {unknown}
 l - 2 scrolls of blinking {unknown}
 r - a scroll of immolation
 t - 2 scrolls of teleportation
 B - a scroll of fear {unknown}
Potions
 n - a potion of mutation {unknown}
 s - 2 potions of curing
 u - a potion of degeneration
 v - a potion of magic
 w - 2 potions of brilliance
 A - a potion of might
Comestibles
 e - 16 rations {!d}
 D - a chunk of flesh


   Skills:
 - Level 11.4 Fighting
 - Level 10.3 Maces & Flails
 - Level 1.0 Throwing
 - Level 2.1 Armour
 - Level 0.8 Dodging
 * Level 7.9 Shields
 - Level 5.0 Invocations


You had 9 spell levels left.
You didn't know any spells.
Your spell library contained the following spells:

 Spells                   Type           Power        Failure   Level  Hunger
 Beastly Appendage        Tmut           #.....       99%         1    None
 Flame Tongue             Conj/Fire      #....        99%         1    None
 Flaming Arrows           Chrm/Fire      #.......     100%        2    ####...
 Passwall                 Tmut/Erth      #.......     100%        2    ####...
 Sticks to Snakes         Tmut           #.......     100%        2    ####...
 Conjure Flame            Conj/Fire      #.......     100%        3    #####..
 Inner Flame              Hex/Fire       N/A          100%        3    #####..
 Spider Form              Tmut/Pois      #..          100%        3    #####..
 Ice Form                 Ice/Tmut       #.......     100%        4    ######.
 Sticky Flame             Conj/Fire      #.......     100%        4    ######.
 Blade Hands              Tmut           #.........   100%        5    #######
 Fireball                 Conj/Fire      #.........   100%        5    #######


Dungeon Overview and Level Annotations

Branches:
Dungeon (6/12)             Temple (1/1) D:5

Altars:
Hepliaklqana
Vehumet
Zin
The Shining One

Shops:
D:5 *

Annotations:
D:5 3 runed translucent doors, Faustar's ghost, novice GrFi
Abyss:1 Purgy


Innate Abilities, Weirdness & Mutations

You cannot be hasted, slowed, berserked, paralysed or teleported.
You can dig through walls and to a lower floor.
Your four strong arms can wield two-handed weapons with a shield.
You have a pair of large antennae on your head. (SInv)


Message History

You hit the seven-headed hydra.
Space warps horribly around the seven-headed hydra.
The seven-headed hydra is moderately wounded.
You block the hound's attack. x2; The seven-headed hydra bites you.
* * * LOW HITPOINT WARNING * * *
The seven-headed hydra bites you but does no damage.
You block the seven-headed hydra's attack.
The seven-headed hydra bites you!
* * * LOW HITPOINT WARNING * * *
The seven-headed hydra barely misses you.
The seven-headed hydra bites you but does no damage.
The seven-headed hydra bites you!
* * * LOW HITPOINT WARNING * * *
Okay, then.
Unknown command.
You sock the seven-headed hydra!
The seven-headed hydra looks slightly unstable.
The seven-headed hydra is heavily wounded.
You block the hound's attack. The seven-headed hydra bites you!
You die...

...(..<#.#######?# #............
..(...........##########.........
......#......##.≈....≈.##.....##.
......#.....##...≈..≈...##...###.
####.##.....#.≈..≈.)≈..≈.##### #.
##...##....##..≈..≈≈..≈..##### #.
#..####....#...########...#..###.
#.## #...##..##.8..8/##..##.....
..### #..(#.≈##h@....$(##≈.###...
....# #...#.##.D######..##†###...
....# #..#..#..## ##..#..#####
....# #..#.##..# ##.##.#
....#...##.#..#.§ #..#.# ......##
#.#.. . #..#.# ....### #.##. #≈
##..#.# ....# #..#. # ##.....#
....# #..## .######..##.##


You could see a seven-headed hydra and a hound.

Vanquished Creatures
  A sky beast (D:5)
  A black bear (D:6)
  3 phantoms
  An ice beast (D:5)
  2 ogres (D:4)
  3 centaurs
  A bullfrog (D:5)
  A scorpion (D:6)
  2 crimson imps
  4 hounds
  6 orc priests
  3 bullfrog skeletons
  Terence (D:3)
  2 centaur skeletons
  2 iguanas
  6 orc wizards
  4 worker ants
  A howler monkey zombie (D:6)
  A worker ant zombie (D:5)
  A howler monkey skeleton (D:5)
  9 adders
  5 gnolls
  A shadow imp (D:3)
  An adder skeleton (D:6)
  3 worms
  A dart slug (D:5)
  3 leopard geckos
  22 orcs
  A bat skeleton (D:2)
  4 giant cockroaches
  4 goblins (D:2)
  6 hobgoblins
  9 jackals
  6 kobolds
  7 quokkas
  A ball python (D:4)
  6 bats
  3 frilled lizards
  A jackal skeleton (D:4)
  4 rats
143 creatures vanquished.

Vanquished Creatures (others)
  An ogre (D:2)
1 creature vanquished.

Grand Total: 144 creatures vanquished

Notes
Turn   | Place    | Note
-------+----------+-------------------------------------------
     0 | Abyss:1  | Faustar the Formicid Abyssal Knight began the quest for the
                  | Orb.
     0 | Abyss:1  | Reached XP level 1. HP: 18/18 MP: 2/2
     0 | D:1      | Escaped the Abyss
   161 | D:1      | Reached * piety under Lugonu
   162 | D:1      | Reached XP level 2. HP: 16/24 MP: 3/3
   725 | D:2      | Reached XP level 3. HP: 30/30 MP: 4/4
   872 | D:2      | Reached skill level 4 in Fighting
   950 | D:2      | Reached XP level 4. HP: 30/38 MP: 5/5
  1391 | D:3      | Noticed Purgy
  1508 | D:3      | Reached ** piety under Lugonu
  1562 | D:3      | Reached XP level 5. HP: 37/43 MP: 6/6
  1743 | D:3      | Noticed an ogre
  1833 | D:2      | Banished an ogre
  1833 | D:2      | Reached skill level 5 in Fighting
  2060 | D:3      | Reached XP level 6. HP: 29/51 MP: 6/8
  2273 | D:3      | Noticed Terence
  2275 | D:4      | Noticed a phantom
  2275 | D:4      | Noticed an ogre
  2479 | D:3      | Banished Purgy
  2613 | D:3      | Killed Terence
  2881 | D:4      | Noticed a phantom
  2882 | D:4      | Reached XP level 7. HP: 53/56 MP: 10/10
  2946 | D:4      | Reached skill level 5 in Invocations
  2948 | D:4      | Reached skill level 6 in Fighting
  2955 | D:4      | Reached skill level 5 in Maces & Flails
  3073 | D:3      | Reached skill level 11 in Fighting
  3073 | D:3      | Reached skill level 10 in Maces & Flails
  3073 | D:3      | Reached XP level 8. HP: 10/75 MP: 11/11
  3242 | D:4      | Reached *** piety under Lugonu
  3385 | D:4      | Reached skill level 1 in Shields
  3608 | D:4      | Reached XP level 9. HP: 75/81 MP: 12/12
  3766 | D:5      | Entered Level 5 of the Dungeon
  3766 | D:5      | Found Nogeuck's Assorted Antiques.
  4008 | D:5      | Found a staircase to the Ecumenical Temple.
  4085 | D:5      | Found a runed translucent gate.
  4094 | D:5      | Found a runed translucent gate.
  4094 | D:5      | Found a runed translucent gate.
  4097 | D:5      | Noticed Faustar's ghost (novice GrFi)
  4164 | D:5      | Reached **** piety under Lugonu
  4495 | Temple   | Entered the Ecumenical Temple
  4603 | D:6      | Reached skill level 5 in Shields
  4603 | D:6      | Noticed a two-headed ogre
  4757 | D:5      | Received a gift from Lugonu
  4812 | D:5      | Banished a two-headed ogre
  5096 | D:6      | Reached XP level 10. HP: 88/88 MP: 13/13
  5661 | D:6      | Noticed a seven-headed hydra
  5669 | D:6      | HP: 4/88 [seven-headed hydra (9)]
  5670 | D:6      | Slain by a seven-headed hydra

Skill      XL: |  1  2  3  4  5  6  7  8  9 |
---------------+----------------------------+-----
Fighting       | 4 5 11 | 11.4
Maces & Flails | 3 4 10 | 10.3
Invocations    | 3 4 5 |  5.0
Shields        | 2 7 |  7.9
Throwing       | |  1.0
Armour         | |  2.1
Dodging        | |  0.8

Action                   |  1- 3 |  4- 6 |  7- 9 | 10-12 || total
-------------------------+-------+-------+-------+-------++-------
Melee: Mace              |    63 |   162 |       |       ||   225
       Flail             |       |     5 |   209 |    56 ||   270
Invok: Depart the Abyss  |     1 |       |       |       ||     1
       Banish            |       |     2 |     2 |       ||     4
  Use: Potion            |       |       |     4 |       ||     4
       Scroll            |       |       |     5 |       ||     5
  Eat: Chunk             |     2 |    11 |    13 |     4 ||    30
Armor: Leather armour    |    24 |     5 |       |       ||    29
       Chain mail        |       |   100 |   102 |    22 ||   224
Dodge: Dodged            |    39 |    91 |    64 |     8 ||   202
Block: Buckler           |       |       |    12 |    29 ||    41
